 Dungeon Crawl Stone Soup version 0.32-a0-450-g080537f31e (webtiles) character file.

Game seed: 4430800783180667366

126 CougarLife the Digger (level 5, -20/28 HPs)
             Began as a Gargoyle Earth Elementalist on Feb 24, 2024.
             Demolished by an ogre
             ... wielding a +0 giant club
              (22 damage)
             ... on level 3 of the Dungeon.
             The game lasted 00:02:34 (2161 turns).

CougarLife the Digger (Gargoyle Earth Elementalist) Turns: 2161, Time: 00:02:35

Health: -20/28     AC:  7    Str: 11    XL:     5   Next: 10%
Magic:  0/9        EV: 11    Int: 18    God:
Gold:   62         SH:  0    Dex: 10    Spells: 6/10 levels left

rFire   . . .        f - +0 dagger (venom)
rCold   . . .        (no shield)
rNeg    + . .        a - +0 robe
rPois   ∞            c - +0 helmet
rElec   +            (no cloak)
rCorr   .            (no gloves)
SInv    .            (no boots)
Will    .....        (no amulet)
Stlth   ++           (no ring)
HPRegen 0.24/turn    (no ring)
MPRegen 0.11/turn

%: no passive effects
@: no status effects
A: sickness immunity, AC +4, negative energy resistance 1, electricity
resistance, torment resistance 1, petrification resistance
a: no special abilities


You were on level 3 of the Dungeon.
You visited 1 branch of the dungeon, and saw 3 of its levels.

You collected 62 gold pieces.

Inventory:

Hand Weapons
 f - a +0 dagger of venom (weapon)
Armour
 a - a +0 robe (worn)
 c - a +0 helmet (worn)
Jewellery
 n - the ring "Kyddadghu" {Fly Will- Dex+8 SInv}
   (You found it on level 2 of the Dungeon)

   [ring of flight]

   Dex+8:     It affects your dexterity (+8).
   Will-:     It decreases your willpower.
   SInv:      It lets you see invisible.
   Fly:       It grants you flight.
Scrolls
 e - a scroll of torment {unknown}
 h - 2 scrolls of enchant weapon {unknown}
 i - a scroll of blinking {unknown}
 j - a scroll of fog {unknown}
 k - a scroll of poison {unknown}
 l - a scroll of enchant armour {unknown}
 m - a scroll of revelation {unknown}
 o - a scroll of vulnerability {unknown}
Potions
 b - 2 potions of magic
 d - 3 potions of enlightenment {unknown}
 g - a potion of lignification {unknown}


   Skills:
 - Level 1.5 Dodging
 - Level 2.1 Stealth
 + Level 3.2 Spellcasting
 + Level 3.0 Conjurations
 + Level 4.8 Earth Magic


You had 6 spell levels left.
You knew the following spells:

 Your Spells              Type           Power      Damage    Failure   Level
a - Sandblast             Erth           40%        2d10      2%          1
b - Stone Arrow           Conj/Erth      34%        3d9       10%         3

Your spell library contained the following spells:

 Spells                   Type           Power      Damage    Failure   Level
 Passwall                 Erth           20%        N/A       6%          3
 Dazzling Flash           Conj/Hex       16%        N/A       26%         3
 Brom's Barrelling Bould  Conj/Erth      17%        2d4       30%         4
 Mephitic Cloud           Conj/Alch/Air  6%         N/A       32%         3
 Petrify                  Alch/Erth      11%        N/A       52%         4
 Curse of Agony           Necr           2%         N/A       99%         5
 Silence                  Hex/Air        1%         N/A       99%         5


Dungeon Overview and Level Annotations

Branches:
Dungeon (3/15)

Altars:


Innate Abilities, Weirdness & Mutations

You are immune to sickness and miasma.
Your stone body is resilient. (AC +4)
You are immune to poison.
You resist negative energy. (rN+)
You are resistant to electric shocks. (rElec)
You are resistant to unholy torment.
You are immune to petrification.


Message History

Casting: Sandblast (safe; 2% risk of failure)
Confirm with . or Enter, or press ? or * to list all spells.
Aiming: Stone Arrow (quite dangerous; 10% risk of failure)
Press: ? - help, Shift-Dir - straight line, f - ogre
Aim: an ogre, wielding a +0 giant club (85% to hit)
The stone arrow misses the ogre.
The ogre hits you with a +0 giant club!
Ouch! That really hurt!
* * * LOW HITPOINT WARNING * * *
Casting: Stone Arrow (quite dangerous; 10% risk of failure)
Confirm with . or Enter, or press ? or * to list all spells.
Aiming: Stone Arrow (quite dangerous; 10% risk of failure)
Press: ? - help, Shift-Dir - straight line, f/p - ogre
Aim: an ogre, wielding a +0 giant club (85% to hit)
The stone arrow hits the ogre!
The ogre is heavily wounded.
The ogre misses you.
Casting: Stone Arrow (quite dangerous; 10% risk of failure)
Confirm with . or Enter, or press ? or * to list all spells.
Aiming: Stone Arrow (quite dangerous; 10% risk of failure)
Press: ? - help, Shift-Dir - straight line, f/p - ogre
Aim: an ogre, wielding a +0 giant club (heavily wounded, 85% to hit)
The stone arrow hits the ogre!
The ogre is almost dead.
Casting: Stone Arrow (quite dangerous; 10% risk of failure)
Confirm with . or Enter, or press ? or * to list all spells.
You don't have enough magic to cast this spell.
Unknown command.
Casting: Stone Arrow (quite dangerous; 10% risk of failure)
Confirm with . or Enter, or press ? or * to list all spells.
You don't have enough magic to cast this spell.
Unknown command.
Casting: Stone Arrow (quite dangerous; 10% risk of failure)
Confirm with . or Enter, or press ? or * to list all spells.
You don't have enough magic to cast this spell.
Unknown command.
You hit the ogre.
The ogre is poisoned.
The ogre is almost dead.
The ogre hits you with a +0 giant club!!
Ouch! That really hurt!
You die...

#.#.####.#
#.###.####
#.......#
#.......#
..##.......#######
..................
.###..<....#####.#
#^...O..#
#.....@.#
#########


You could see an ogre (very poisoned).

Vanquished Creatures
  Robin (D:2)
  3 gnolls (D:2)
  2 adders (D:2)
  A dart slug (D:1)
  A ribbon worm (D:2)
  4 ball pythons
  3 endoplasms
  2 giant cockroaches (D:2)
  11 hobgoblins
  6 kobolds
  2 quokkas (D:1)
  5 bats
  7 frilled lizards
  9 goblins
  8 rats
65 creatures vanquished.

Notes
Turn   | Place    | Note
-------+----------+-------------------------------------------
     0 | D:1      | CougarLife the Gargoyle Earth Elementalist began the quest
                  | for the Orb.
     0 | D:1      | Reached XP level 1. HP: 10/10 MP: 3/3
   178 | D:1      | Reached XP level 2. HP: 14/15 MP: 0/5
   259 | D:1      | Reached skill level 4 in Earth Magic
   538 | D:1      | Reached XP level 3. HP: 19/19 MP: 4/6
  1029 | D:2      | Identified the +6 whip of the Realm of Zot {drain, rN+
                  | Will+}
  1265 | D:2      | Noticed Robin
  1381 | D:2      | Reached XP level 4. HP: 24/24 MP: 5/8
  1442 | D:2      | Killed Robin
  1800 | D:2      | Reached XP level 5. HP: 28/28 MP: 6/9
  1889 | D:2      | Identified the ring "Kyddadghu" {Fly Will- Dex+8 SInv}
  2139 | D:3      | Noticed an ogre
  2156 | D:2      | Learned a level 3 spell: Stone Arrow
  2161 | D:3      | Demolished by an ogre

Illustrated notes

Levels and vault maps discovered:
D:1:      onia_arrival_pentagram, layout_loops_ring, minmay_misc_feat_five
D:2:      layout_basic, kennysheep_generic_room_2, uniq_robin
D:3:      layout_loops_ring, nemelex_xobeh_ov_fountains_minmay,
          hellmonk_ecumenical_altar_run_dry, uniq_ijyb

Skill      XL: |  1  2  3  4  5 |
---------------+----------------+-----
Earth Magic    | 4 |  4.8
Conjurations   | 2 3 |  3.0
Spellcasting   | 3 |  3.2
Dodging        | |  1.5
Stealth        | |  2.1

Action                     |  1- 3 |  4- 6 || total
---------------------------+-------+-------++-------
  Melee: Short sword       |    10 |       ||    10
         Unarmed           |     4 |       ||     4
         Dagger            |     5 |     6 ||    11
   Cast: Sandblast         |    64 |    29 ||    93
         Stone Arrow       |       |     3 ||     3
 Armour: Robe              |    35 |    12 ||    47
  Dodge: Dodged            |    26 |     9 ||    35

Table legend: (Time is in decaauts)
 A = Elapsed time spent in this place.
 B = Non-inter-level travel time spent in this place.
 C = Inter-level travel time spent in this place.
 D = Time resting spent in this place.
 E = Time spent auto-exploring this place.
 F = Levels seen in this place.
 G = Mean time per level.
                   A        B        C        D        E       F      G
               +--------+--------+--------+--------+--------+-----+--------+
         Total |   2208 |   2125 |     83 |    205 |   1473 |   3 |  736.0 |
       Dungeon |   2208 |   2125 |     83 |    205 |   1473 |   3 |  736.0 |
               +--------+--------+--------+--------+--------+-----+--------+

Top non-repeatable levels by time:
     D:2: 1141 daAuts
     D:1: 1039 daAuts
     D:3: 28 daAuts
